 Dungeon Crawl Stone Soup version 0.19-a0-854-gc78d25d (webtiles) character file.

180 LORDOFBUTT the Ducker (level 5, 0/42 HPs)
             Began as a Demonspawn Monk on July 1, 2016.
             Succumbed to an adder's poison
             ... on level 3 of the Dungeon.
             The game lasted 00:02:41 (2911 turns).

LORDOFBUTT the Ducker (Demonspawn Monk)             Turns: 2911, Time: 00:02:42

Health: 0/42       AC:  2    Str: 11    XL:     5   Next: 33%
Magic:  1/5        EV: 14    Int: 12    God:
Gold:   134        SH:  0    Dex: 16    Spells: 0 memorised, 4 levels left

rFire  . . .     SeeInvis .       - Unarmed
rCold  . . .     Gourm    .     a - +0 robe
rNeg   . . .     Faith    .     (no shield)
rPois  .         Spirit   +     (helmet restricted)
rElec  .         Dismiss  .     (no cloak)
rCorr  .         Reflect  .     (no gloves)
SustAt .         Harm     .     (no boots)
MR     .....                    (no amulet)
Stlth  ++........               (no ring)
                                (no ring)

@: lethally poisoned (0 -> -5), not resistant to hostile enchantments,
unstealthy
A: horns 1, demonic guardian 1, magic shield
a: no special abilities


You were on level 3 of the Dungeon.
You were not hungry.

You visited 1 branch of the dungeon, and saw 3 of its levels.

You collected 134 gold pieces.

Inventory:

Armour
 a - a +0 robe (worn)
Jewellery
 u - an uncursed ring of positive energy {unknown}
Wands
 s - a wand of confusion (15/48)
Scrolls
 f - a scroll of recharging {unknown}
 i - a scroll of teleportation {unknown}
 l - a scroll of enchant weapon {unknown}
 n - a scroll of amnesia {unknown}
 o - 3 scrolls of identify {unknown}
 r - a scroll of immolation {unknown}
Potions
 c - a potion of resistance {unknown}
 d - a potion of invisibility {unknown}
 e - a potion of cure mutation
 g - a potion of lignification {unknown}
 h - 2 potions of magic
 j - a potion of curing {unknown}
 k - a potion of haste {unknown}
 m - a potion of brilliance {unknown}
 p - a potion of heal wounds {unknown}
 t - a potion of berserk rage {unknown}
Comestibles
 b - 2 bread rations
 q - a meat ration


   Skills:
 + Level 3.9 Fighting
 + Level 4.0 Dodging
 - Level 2.6 Stealth
 + Level 3.6 Unarmed Combat


You had 4 spell levels left.
You didn't know any spells.

Dungeon Overview and Level Annotations

Branches:
Dungeon (3/15)

Altars:
Xom


Innate Abilities, Weirdness & Mutations

You have a pair of small horns on your head.
A weak demonic guardian rushes to your aid.
When hurt, damage is shared between your health and your magic reserves.


Message History

You are too injured to fight recklessly!
You closely miss the adder.
The adder is almost dead.
The adder bites you.
* * * LOW HITPOINT WARNING * * *
The kobold barely misses you.
You barely miss the adder.
The adder is almost dead.
You feel sick. The adder misses you. The kobold barely misses you.
The adder bites you.
* * * LOW HITPOINT WARNING * * *
It was a potion of magic.
Magic courses through your body. The kobold hits you with a club.
* * * LOW HITPOINT WARNING * * *
The adder bites you.
* * * LOW HITPOINT WARNING * * *
You are more poisoned.
The adder poisons you!
It was a potion of cure mutation.
It has a very clean taste.
You die...

#######.#...........#...'(###)#..
........#.#########.##.###)##(.##
#########.# #..#####).##...
#.#########.....#.(..#... ######
#.#.............#..[.#... .....#
#.#.............##(.##.#. .....#
#.#..............####..#. .....#
#.#....S.......#......##. .....#
#....K@......#########. .....##
#............# #. ......#
#............# #. ....).#
#............# #. ......#
...........#.##########. ..#####
##########.#............ #.#
#.############# #.# #........#
#.############ ########.#


You could see an adder and a kobold.

Vanquished Creatures
  A scorpion (D:3)
  Natasha (D:2)
  2 gnolls
  An adder (D:3)
  A worm (D:2)
  3 dart slugs
  3 giant geckos
  4 orcs (D:3)
  9 bats
  5 giant cockroaches
  8 goblins
  8 hobgoblins
  A quokka (D:3)
  A ball python (D:3)
  2 giant newts (D:1)
  5 kobolds
  8 rats
63 creatures vanquished.

Vanquished Creatures (others)
  A bush (D:1)
1 creature vanquished.

Grand Total: 64 creatures vanquished

Notes
Turn   | Place    | Note
-------+----------+-------------------------------------------
     0 | D:1      | LORDOFBUTT the Demonspawn Monk began the quest for the Orb.
     0 | D:1      | Reached XP level 1. HP: 18/18 MP: 1/1
   106 | D:1      | Gained mutation: When hurt, damage is shared between your health and your magic reserves. [demonic ancestry]
   106 | D:1      | Reached XP level 2. HP: 24/24 MP: 2/2
   392 | D:1      | Gained mutation: You have a pair of small horns on your head. [demonic ancestry]
   392 | D:1      | Reached XP level 3. HP: 26/29 MP: 3/3
   457 | D:1      | Reached skill level 3 in Dodging
  1455 | D:2      | Found a shimmering altar of Xom.
  1513 | D:2      | Noticed Natasha
  1521 | D:2      | Killed Natasha
  1521 | D:2      | Reached XP level 4. HP: 16/36 MP: 2/4
  1525 | D:2      | Found a shimmering altar of Xom.
  1525 | D:2      | Found a shimmering altar of Xom.
  1939 | D:3      | Gained mutation: A weak demonic guardian rushes to your aid. [demonic ancestry]
  1939 | D:3      | Reached XP level 5. HP: 21/42 MP: 2/5
  2664 | D:3      | Reached skill level 4 in Dodging
  2910 | D:3      | HP: 1/42 [adder (2)]
  2911 | D:3      | Succumbed to an adder's poison

Vault maps used:
D:1:      dpeg_arrival_pond, serial_forest, infiniplex_forest_clump_curved,
          infiniplex_forest_end_3, infiniplex_forest_lined_ring,
          infiniplex_forest_lined_4_way, infiniplex_forest_clump_tiny,
          infiniplex_forest_straight_2, infiniplex_forest_fountain,
          minmay_misc_feat_four_crosses
D:2:      grunt_ministairs_6, xom_redecorated, uniq_natasha
D:3:      minmay_joined_circles

Skill      XL: |  1  2  3  4  5 |
---------------+----------------+-----
Stealth        | 2 |  2.6
Dodging        | 3 4 |  4.0
Unarmed Combat | 3 |  3.6
Fighting       | |  3.9

Action                   |  1- 3 |  4- 6 || total
-------------------------+-------+-------++-------
Melee: Unarmed           |   236 |   137 ||   373
       Headbutt          |    54 |    20 ||    74
       Punch             |     4 |     1 ||     5
  Use: Potion            |       |     2 ||     2
 Stab: Sleeping          |     7 |     2 ||     9
       Distracted        |     1 |       ||     1
  Eat: Bread ration      |     1 |     1 ||     2
Armor: Robe              |    19 |    20 ||    39
Dodge: Dodged            |    77 |   109 ||   186
